[Event "Titled Tuesday Blitz July 26 Early 2022"]
[White "Avazkhonov, Alikhon"]
[Black "Maksimenko, Viktor"]
[WhiteFideId "14208504"]
[BlackFideId "13710478"]
[WhiteElo "1739"]
[BlackElo "2269"]
[Result "1/2-1/2"]
[Round "06"]
[TimeControl "180+1"]
[Date "2022.07.27"]
[WhiteClock "0:00:04"]
[BlackClock "0:00:55"]

1. e4 c6 2. Nc3 d5 3. Nf3 dxe4 4. Nxe4 Nf6 5. Qe2 Nxe4 6. Qxe4 Nd7 7. Bc4 Nf6 8. Ne5 e6 9. Qe2 b5 10. Bb3 Bd6 11. d4 Bb7 12. O-O O-O 13. Bg5 a6 14. Rad1 Be7 15. Rfe1 Nd5 16. Bxe7 Qxe7 17. Bxd5 cxd5 18. Nd3 Bc6 19. Qg4 Qf6 20. Re3 Rfc8 21. c3 a5 22. a3 b4 23. axb4 Bb5 24. bxa5 Bxd3 25. Rexd3 Rxa5 26. g3 Ra2 27. R3d2 Rb8 28. b4 Ra3 29. Rd3 Rc8 30. Rf3 Qg6 31. Qxg6 hxg6 32. Rdd3 Kf8 33. Kg2 Ke7 34. h4 Rb3 35. g4 Rc7 36. Kg3 Kd6 37. Kf4 Kc6 38. g5 Kb5 39. Ke5 Rd7 40. Rde3 Kc4 41. Rh3 Rb2 42. f4 Rc2 43. Rhf3 Rh2 44. Rh3 Rb2 45. Rhg3 Ra2 46. Rh3 Ra8 47. h5 gxh5 48. Rxh5 Ra3 49. Rh7 f6+ 50. Kxe6 Rc7 51. gxf6 Ra6+ 52. Kf5 Rxf6+ 53. Kg5 Rcf7 54. Rf3 Rf5+ 55. Kg4 Kb5 56. Rh5 g6 57. Rxf5 gxf5+ 58. Kg5 Kc4 59. Re3 Rf8 60. Re5 Kxc3 61. Rxd5 Kxb4 62. Rxf5 Rg8+ 63. Kf6 Kc4 64. d5 Kc5 65. Rg5 Rf8+ 66. Ke5 Re8+ 67. Kf5 Kd6 68. Kg4 Rf8 69. f5 Kxd5 70. Kh5 Ke5 71. Kg6 Rf6+ 72. Kg7 Rxf5 73. Rxf5+ Kxf5 1/2-1/2


[Site "https://www.chess.com"]

[Event "Titled Tuesday Blitz July 26 Early 2022"]
[White "Begmuratov, Khumoyun"]
[Black "Postnikov, Daniil"]
[WhiteFideId "14210207"]
[BlackFideId "4166329"]
[WhiteElo "1978"]
[BlackElo "2261"]
[Result "0-1"]
[Round "06"]
[TimeControl "180+1"]
[Date "2022.07.27"]
[WhiteClock "0:00:03"]
[BlackClock "0:00:36"]

1. e4 e6 2. d3 d5 3. Nd2 Nf6 4. Ngf3 b6 5. c3 Ba6 6. e5 Nfd7 7. d4 Qc8 8. Be2 Bxe2 9. Qxe2 Qa6 10. Qe3 c5 11. Qf4 Nc6 12. Ng5 Nd8 13. Ndf3 h6 14. Nh3 Be7 15. Bd2 Nc6 16. Qg3 g6 17. a3 Qd3 18. Nf4 Qe4+ 19. Be3 O-O-O 20. O-O g5 21. Nh5 g4 22. Nd2 Qf5 23. Nf4 h5 24. f3 Rhg8 25. fxg4 Rxg4 26. Qf3 Rdg8 27. Kh1 Qh7 28. b4 h4 29. bxc5 bxc5 30. Nxd5 exd5 31. Qxd5 Qg6 32. Nc4 Rxg2 33. Nd6+ Bxd6 34. Qxc6+ Bc7 35. Qa8+ Nb8 36. Rg1 h3 37. Qf3 Qg4 38. Qxf7 Rxg1+ 39. Rxg1 Qe4+ 0-1


[Site "https://www.chess.com"]

[Event "Titled Tuesday Blitz July 26 Early 2022"]
[White "Bilan, Danila"]
[Black "Srihari L R"]
[WhiteFideId "24161918"]
[BlackFideId "46617116"]
[WhiteElo "2164"]
[BlackElo "2170"]
[Result "0-1"]
[Round "06"]
[TimeControl "180+1"]
[Date "2022.07.26"]
[WhiteClock "0:00:09"]
[BlackClock "0:00:04"]

1. d4 Nf6 2. Nf3 b6 3. g3 Bb7 4. Bg2 g6 5. O-O Bg7 6. c4 O-O 7. Nc3 e6 8. Bg5 h6 9. Bf4 d6 10. Rc1 Nbd7 11. Re1 Qe7 12. e4 e5 13. Nd5 Nxd5 14. exd5 f6 15. dxe5 fxe5 16. Be3 a5 17. Nh4 g5 18. Ng6 Qf7 19. Nxf8 Nxf8 20. Bh3 Bc8 21. Bxc8 Rxc8 22. a3 Ng6 23. b4 axb4 24. axb4 e4 25. Bd4 Bxd4 26. Qxd4 Ne5 27. Qxe4 Rf8 28. Re2 Qh5 29. f4 Nf3+ 30. Kg2 g4 31. Kh1 Rf7 32. c5 bxc5 33. bxc5 Qf5 34. cxd6 cxd6 35. Kg2 Qh5 36. Kh1 Qf5 37. Qxf5 Rxf5 38. Rd1 Rh5 39. Ra2 Kf7 40. Rf1 Rxd5 41. h4 Rd3 42. Kg2 Nd4 43. Rb2 Nf5 44. Ra1 Rxg3+ 45. Kf2 Rf3+ 46. Ke2 Nxh4 47. Rb6 Nf5 48. Ra5 Ke6 49. Rbb5 Nd4+ 50. Kd2 Nxb5 51. Rxb5 Rxf4 52. Rh5 Rf6 53. Ke3 g3 54. Rh1 g2 55. Rg1 Rg6 56. Kf3 Kf5 0-1


[Site "https://www.chess.com"]

[Event "Titled Tuesday Blitz July 26 Early 2022"]
[White "Bortnyk, Olexandr"]
[Black "Kravtsiv, Martyn"]
[WhiteFideId "14120828"]
[BlackFideId "14113147"]
[WhiteElo "2723"]
[BlackElo "2694"]
[Result "1-0"]
[Round "06"]
[TimeControl "180+1"]
[Date "2022.07.26"]
[WhiteClock "0:00:25"]
[BlackClock "0:00:11"]

1. d4 d5 2. Nc3 Nf6 3. Bf4 e6 4. Nb5 Na6 5. e3 c6 6. Nc3 Nc7 7. Nf3 Nh5 8. Be5 Bb4 9. Bd3 Nb5 10. O-O Bxc3 11. bxc3 Nxc3 12. Qe1 Ne4 13. h3 O-O 14. c4 b6 15. cxd5 exd5 16. Rc1 Bb7 17. Nd2 Nhf6 18. Nxe4 Nxe4 19. f3 Ng5 20. Qg3 f6 21. Bc7 Qd7 22. h4 Ne6 23. Bf5 Rfe8 24. Bd6 Rad8 25. Bc7 Rc8 26. Bf4 Qf7 27. Bd6 Rcd8 28. Rfe1 Kh8 29. a4 g6 30. Bd3 Ng7 31. a5 Re6 32. Bc7 Nh5 33. Qh2 Rde8 34. e4 bxa5 35. Bxa5 Qd7 36. e5 f5 37. Bb4 Qd8 38. Ra1 a6 39. Reb1 Qc8 40. Bc5 Ng7 41. Rb6 R6e7 42. Bxe7 Rxe7 43. Rab1 Ne8 44. e6 Qxe6 45. Qe5+ Qxe5 46. dxe5 Bc8 47. Rxc6 Bd7 48. Rb7 Bxc6 49. Rxe7 a5 50. Re6 Bd7 51. Ra6 a4 52. e6 Bc8 53. Ra8 Nd6 54. e7 1-0


[Site "https://www.chess.com"]

[Event "Titled Tuesday Blitz July 26 Early 2022"]
[White "Bressac, Stephane"]
[Black "Ardila, Oscar Humberto"]
[WhiteFideId "655945"]
[BlackFideId "4404742"]
[WhiteElo "2321"]
[BlackElo "1956"]
[Result "1-0"]
[Round "06"]
[TimeControl "180+1"]
[Date "2022.07.27"]
[WhiteClock "0:00:06"]
[BlackClock "0:00:05"]

1. e4 e5 2. Nf3 Nf6 3. d4 Nxe4 4. Bd3 d5 5. Nxe5 Nf6 6. O-O Be7 7. Bg5 O-O 8. Nd2 Nbd7 9. c3 Nxe5 10. dxe5 Nd7 11. Bf4 Re8 12. Re1 Nf8 13. Nf3 Bg4 14. h3 Bxf3 15. Qxf3 c6 16. Rad1 Qd7 17. c4 d4 18. b3 c5 19. Be4 Rab8 20. Bd5 Ne6 21. Bd2 a6 22. g3 Red8 23. h4 b5 24. h5 bxc4 25. Bxc4 a5 26. Bd3 a4 27. Bc4 axb3 28. axb3 h6 29. Ba5 Rdc8 30. Qg4 Bg5 31. Bd2 Bxd2 32. Rxd2 Rd8 33. Qf5 Ng5 34. Qxd7 Rxd7 35. Kg2 Re7 36. f4 Ne6 37. Kf3 Kf8 38. Ra1 Reb7 39. Ke4 Ke7 40. Rda2 Rd7 41. Ra7 Rd8 42. Rxd7+ Rxd7 43. Ra8 d3 44. Bxd3 Rd4+ 45. Ke3 Nc7 46. Ra7 Kd8 47. Bc4 f6 48. exf6 gxf6 49. Rb7 f5 50. Rb6 Rd1 51. Rxh6 Re1+ 52. Kf2 Rb1 53. Rh8+ Ke7 54. h6 Rb2+ 55. Kf3 Rb1 56. Kg2 Rb2+ 57. Kh3 Rb1 58. Kh4 Rb2 59. Kg5 Rh2 60. h7 Ne8 61. Kxf5 Nd6+ 62. Kg6 Ne4 63. Rg8 Nxg3 64. h8=Q Rxh8 65. Rxh8 Ne4 66. Rh7+ Kd6 67. Rh4 Nd2 68. f5 Nf3 69. f6 Nxh4+ 70. Kg7 Nf5+ 71. Kg6 Nd4 72. f7 Ke7 73. Kg5 Nc6 74. Kf5 Nd4+ 75. Ke5 Nc6+ 76. Kd5 Nd8 77. Kxc5 Nxf7 78. Bxf7 Kxf7 79. Kd6 Kf6 80. b4 1-0


[Site "https://www.chess.com"]

[Event "Titled Tuesday Blitz July 26 Early 2022"]
[White "Bryakin, Mikhail"]
[Black "Ohanyan, Emin"]
[WhiteFideId "4165314"]
[BlackFideId "13312022"]
[WhiteElo "2422"]
[BlackElo "1927"]
[Result "0-1"]
[Round "06"]
[TimeControl "180+1"]
[Date "2022.07.26"]
[WhiteClock "0:00:04"]
[BlackClock "0:00:04"]

1. e4 e5 2. d4 exd4 3. Qxd4 Nc6 4. Qd3 Nf6 5. Nc3 Bb4 6. Bd2 O-O 7. O-O-O Re8 8. Nge2 Ne5 9. Qg3 Nc4 10. Bg5 Be7 11. Nd4 d5 12. exd5 Nd6 13. Be3 Ng4 14. Kb1 Bh4 15. Qf3 Rxe3 16. fxe3 Nf2 17. Be2 Bg4 18. Qxg4 Nxg4 19. Bxg4 Bf6 20. Rhe1 Qe7 21. Bf3 Nc4 22. a3 Qc5 23. Ne4 Qb6 24. Nxf6+ Qxf6 25. Rd3 Ne5 26. Rb3 b6 27. Rc3 Rc8 28. Nc6 Re8 29. Nxe5 Qxe5 30. h3 Re7 31. Rd1 g6 32. Rcd3 Rd7 33. e4 h5 34. a4 Kg7 35. b3 a5 36. R3d2 Rd6 37. Rd3 c6 38. dxc6 Rxc6 39. Rd5 Qc3 40. Rc1 Rc5 41. Rxc5 bxc5 42. Rd1 c4 43. bxc4 Qxc4 44. Rd3 Qxa4 45. Kb2 Qb4+ 46. Rb3 Qd4+ 47. Ka2 a4 48. Rd3 Qc4+ 49. Kb2 Qb4+ 50. Ka2 Qc5 51. Kb2 Qe5+ 52. Ka2 Qb5 53. Ra3 Qc4+ 54. Kb2 Qb4+ 55. Ka2 Kf6 56. Rd3 Ke6 57. Ra3 Qc4+ 58. Kb2 Ke5 59. Rd3 Qb4+ 60. Ka2 Kf4 61. Ra3 Qc4+ 62. Kb2 Qd4+ 63. Ka2 Qb4 64. Rd3 h4 65. Ra3 Qc4+ 66. Kb2 Qd4+ 67. Ka2 Kg3 68. Rd3 Qc4+ 69. Kb2 Qb4+ 70. Ka2 Kf2 71. Ra3 Qc4+ 72. Kb2 Ke1 73. Rd3 Qb4+ 74. Ka2 g5 75. Rd1+ Kf2 76. Rd3 Qc4+ 77. Kb2 f6 78. Ra3 Qb4+ 79. Ka2 Kg3 80. Rd3 Kf4 81. Ra3 Ke5 82. Rd3 Qc4+ 83. Kb2 Ke6 84. Bg4+ Ke7 85. Bf3 Qb4+ 86. Ka2 Ke8 87. Ra3 Kd8 88. Rd3+ Kc7 89. Ra3 Kb6 90. Rd3 Qc4+ 91. Kb2 Ka5 92. Ra3 Kb4 93. Rd3 Ka5 94. Ra3 Qb4+ 95. Ka2 Qd2 96. Kb2 Kb4 97. Rd3 Qe1 98. Rd4+ Kb5 99. Rd3 Kc4 100. Ra3 Qb4+ 101. Ka2 Qa5 102. Kb2 Qb6+ 103. Ka2 Kb4 104. Kb2 Ka5+ 105. Ka2 Qc5 106. Kb2 Qc4 107. Rd3 Kb4 108. Ra3 Qc5 109. Rd3 Qe5+ 110. Ka2 Qa5 111. Kb2 a3+ 112. Ka2 Kc4 113. Rxa3 Qb4 114. Rb3 Qa4+ 115. Kb2 Qa7 116. Be2+ Kd4 117. Bf3 Ke5 118. Kb1 Qc5 119. Kb2 Qg1 120. Rb5+ Kf4 121. Rb3 Qd4+ 122. Kb1 Qc4 123. Kb2 Qc5 124. Kb1 Kg3 125. Kb2 Kf2 126. Rd3 Qb4+ 127. Ka2 Qc4+ 128. Kb2 Qb5+ 129. Kc3 f5 130. exf5 Qxf5 131. Kb2 Qc5 132. Kb3 Ke1 133. Rd5 Qb6+ 134. Kc3 Qf6+ 135. Kd3 Kf2 136. c4 Qa1 137. c5 Qb1+ 138. Kd4 Qb2+ 139. Ke4 Qc2+ 140. Ke5 Ke3 141. Ke6 Kf4 142. Kd7 Qa4+ 143. c6 g4 144. hxg4 h3 145. gxh3 Kxf3 146. g5 Ke4 147. Rd6 Ke5 148. g6 Qb5 149. g7 Qb3 150. Rh6 Qf7+ 151. Kd8 Qg8+ 152. Kd7 Qxg7+ 153. Kd8 Qxh6 154. c7 Qf8+ 155. Kd7 Qd6+ 156. Kc8 Qb6 157. Kd7 Qb5+ 158. Ke7 Qb7 159. Kd7 Kd5 160. h4 Qc6+ 161. Kd8 Qd6+ 162. Ke8 Qxc7 163. Kf8 Ke6 0-1


[Site "https://www.chess.com"]

[Event "Titled Tuesday Blitz July 26 Early 2022"]
[White "Chen, Justin"]
[Black "Guzman, Christopher"]
[WhiteFideId "2098199"]
[BlackFideId "6405096"]
[WhiteElo "2289"]
[BlackElo "2244"]
[Result "1/2-1/2"]
[Round "06"]
[TimeControl "180+1"]
[Date "2022.07.27"]
[WhiteClock "0:00:02"]
[BlackClock "0:00:27"]

1. e4 c6 2. d4 d5 3. exd5 cxd5 4. Bd3 Nf6 5. c3 Nc6 6. Bf4 Bg4 7. Qb3 Na5 8. Qa4+ Bd7 9. Qc2 Qb6 10. Nf3 Bb5 11. Ne5 e6 12. Nd2 Rc8 13. O-O Be7 14. Rfe1 O-O 15. Bg5 Bxd3 16. Nxd3 Qxd4 17. Be3 Qg4 18. Bxa7 Nc6 19. Be3 Rfe8 20. Nf3 Qg6 21. Qe2 Ne4 22. Nde5 Nxe5 23. Nxe5 Qf5 24. Nd3 Red8 25. Rad1 h6 26. f3 Nd6 27. Bb6 Re8 28. Qe5 Qxe5 29. Nxe5 Ra8 30. a3 Rec8 31. Bf2 Ra6 32. Re2 f6 33. Nd3 Nc4 34. Nf4 Kf7 35. Rde1 Ne5 36. Rd1 Rcc6 37. Nd3 Nc4 38. Kf1 g5 39. h4 Bf8 40. Bd4 Ra8 41. g4 Na5 42. Kg2 Nb3 43. Bf2 e5 44. Rh1 Kg6 45. Rd1 Rcc8 46. Rde1 Rd8 47. Rd1 Rac8 48. Ne1 Kf7 49. Nc2 Na5 50. Ne3 Ke6 51. hxg5 hxg5 52. Nf5 Nc4 53. Ne3 Nxe3+ 54. Bxe3 Rc4 55. Red2 Bc5 56. Kf2 Bxe3+ 57. Kxe3 Rc5 58. Rh1 Rb5 59. Rh7 d4+ 60. cxd4 exd4+ 61. Rxd4 Rxd4 62. Kxd4 Rxb2 63. Ke4 Rb3 64. Rc7 Kd6 65. Rf7 Ke6 66. Rc7 Rb5 67. Rc4 Re5+ 68. Kd4 Ra5 69. a4 b5 70. axb5 Rxb5 71. Ke4 Re5+ 72. Kd4 Re1 73. Rc3 Kf7 74. Re3 Rf1 75. Ke4 Kg6 76. Rd3 Re1+ 77. Re3 Rd1 78. Rd3 Re1+ 79. Re3 Ra1 80. Rd3 Ra4+ 81. Ke3 Kf7 82. Kf2 Ke6 83. Ke3 Ke5 84. Rc3 Ra5 85. Rb3 Rc5 86. Ra3 Rd5 87. Rc3 Rb5 88. Ra3 Rc5 89. Rd3 f5 90. gxf5 Kxf5 91. Ra3 Rc1 92. Kf2 Rc4 93. Kg3 Kg6 94. Ra5 Kh5 95. Ra8 Rc3 96. Rg8 Rc1 97. Rh8+ Kg6 98. Rg8+ Kf6 99. Rf8+ Kg7 100. Ra8 Rg1+ 101. Kf2 Rh1 102. Kg2 Rh4 103. Kg3 Rf4 104. Ra6 Rf8 105. Kg4 Rf4+ 106. Kg3 Rf8 107. Rb6 Rf7 108. Rb4 Kg6 109. Kg4 Rf6 110. Re4 Rb6 111. Rd4 Ra6 112. Kg3 Kf5 113. Rd5+ Kf6 114. Rb5 Ra4 115. Rb6+ Kf5 116. Rb5+ Kg6 117. Rb6+ Kh5 118. Rb8 Ra1 119. Rh8+ Kg6 120. Rg8+ Kh6 121. Rb8 Rg1+ 122. Kf2 Rh1 123. Kg2 Rh4 124. Kf2 Ra4 125. Kg3 Kh5 126. Kg2 Kg6 127. Kg3 Kf5 128. Rb5+ Kg6 129. Rb7 Kh5 130. Kf2 Ra1 131. Kg3 Ra3 132. Rg7 Kh6 133. Rg8 Kh5 134. Rh8+ Kg6 135. Rc8 Kf5 136. Rc5+ Kf6 137. Kg4 Ra4+ 138. Kg3 Rb4 139. Ra5 Rb6 140. Rc5 Ra6 1/2-1/2


[Site "https://www.chess.com"]

[Event "Titled Tuesday Blitz July 26 Early 2022"]
[White "Chigaev, Maksim"]
[Black "Nazari, Arad"]
[WhiteFideId "4108116"]
[BlackFideId "12577324"]
[WhiteElo "2438"]
[BlackElo "2129"]
[Result "1-0"]
[Round "06"]
[TimeControl "180+1"]
[Date "2022.07.26"]
[WhiteClock "0:00:04"]
[BlackClock "0:00:06"]

1. Nf3 c5 2. g3 g6 3. Bg2 Bg7 4. e4 Nc6 5. O-O d6 6. c3 Nf6 7. Re1 O-O 8. h3 Rb8 9. a4 a6 10. d3 e5 11. Na3 b5 12. Be3 h6 13. axb5 axb5 14. Nc2 Be6 15. d4 cxd4 16. cxd4 Bb3 17. Ra3 exd4 18. Nfxd4 Nxd4 19. Bxd4 Be6 20. Nb4 Qd7 21. Ra7 Qc8 22. Qd2 Bxh3 23. Bxf6 Bxf6 24. Nd5 Bg5 25. f4 Bd8 26. Rc1 Qg4 27. Kh2 Bxg2 28. Kxg2 h5 29. Qd1 Qe6 30. Qf3 Rc8 31. f5 Qxd5 32. exd5 Rxc1 33. fxg6 Rc2+ 34. Kh3 Rc7 35. Qxh5 fxg6 36. Qxg6+ Kh8 37. Qh6+ Kg8 38. Qe6+ Kg7 39. Rxc7+ Bxc7 40. Qd7+ Rf7 41. Qxb5 Kf6 42. Qe8 Re7 43. Qf8+ Rf7 44. Qh6+ Ke7 45. Qe6+ Kf8 46. b4 Re7 47. Qc8+ Kf7 48. Qf5+ Ke8 49. b5 Bd8 50. Qc8 Rh7+ 51. Kg2 Rc7 52. Qa6 Rc2+ 53. Kh3 Ke7 54. b6 Rb2 55. b7 Bc7 56. Qc6 Kd8 57. g4 Rb3+ 58. Kh4 Rb1 59. g5 Rh1+ 60. Kg4 Rg1+ 61. Kf5 Rf1+ 62. Kg6 Rb1 63. Kh7 Rh1+ 64. Kg8 Rb1 65. g6 Rb2 66. g7 Rb1 67. Kh7 Rh1+ 68. Kg6 Rg1+ 69. Kf7 Rf1+ 70. Kg8 Re1 71. Qb5 Bb8 72. Qa5+ 1-0


[Site "https://www.chess.com"]

[Event "Titled Tuesday Blitz July 26 Early 2022"]
[White "Csonka, Balazs"]
[Black "Kozak, Adam"]
[WhiteFideId "742910"]
[BlackFideId "753246"]
[WhiteElo "2404"]
[BlackElo "2459"]
[Result "1-0"]
[Round "06"]
[TimeControl "180+1"]
[Date "2022.07.26"]
[WhiteClock "0:00:06"]
[BlackClock "0:00:01"]

1. d4 g6 2. e4 Bg7 3. c4 c5 4. d5 d6 5. Nc3 Bxc3+ 6. bxc3 f5 7. exf5 Bxf5 8. Bd3 Bxd3 9. Qxd3 Nd7 10. Nf3 Qa5 11. O-O O-O-O 12. Re1 Nb6 13. Bg5 Rd7 14. a4 Kc7 15. Reb1 h6 16. Rb5 Qa6 17. Bf4 g5 18. Bg3 Kd8 19. a5 Nf6 20. Rab1 Na8 21. Be5 Rf8 22. Bxf6 Rxf6 23. Qh7 Kc8 24. Nd2 Nc7 25. Rxb7 Qxb7 26. Qh8+ Rd8 27. Qxd8+ Kxd8 28. Rxb7 a6 29. Ne4 Rf4 30. f3 g4 31. Kf2 gxf3 32. gxf3 Kc8 33. Rb1 Rf5 34. Rg1 Rh5 35. Rg8+ Kd7 36. Kg2 Re5 37. Rg6 h5 38. Rg7 Ne8 39. Rh7 Kd8 40. Kf2 Kd7 41. h4 Kd8 42. Kg3 Rf5 43. Ng5 Nf6 44. Rh8+ Kd7 45. Ra8 Kc7 46. Ra7+ Kb8 47. Rxe7 1-0


[Site "https://www.chess.com"]

[Event "Titled Tuesday Blitz July 26 Early 2022"]
[White "D`Arruda, Ricardo D."]
[Black "Cruz Mendez, Jean Marco"]
[WhiteFideId "100692"]
[BlackFideId "3526402"]
[WhiteElo "2465"]
[BlackElo "2064"]
[Result "0-1"]
[Round "06"]
[TimeControl "180+1"]
[Date "2022.07.27"]
[WhiteClock "0:00:01"]
[BlackClock "0:00:14"]

1. d4 d5 2. Nf3 Nf6 3. g3 e6 4. Bg2 Be7 5. O-O O-O 6. c4 c6 7. b3 Nbd7 8. Nbd2 b6 9. Bb2 Bb7 10. Rc1 Rc8 11. Re1 c5 12. dxc5 Nxc5 13. Ne5 Nfd7 14. Nxd7 Qxd7 15. cxd5 Bxd5 16. Nc4 Rfd8 17. Bxd5 Qxd5 18. Qxd5 Rxd5 19. Red1 Ne4 20. Ne3 Rxd1+ 21. Nxd1 Rxc1 22. Bxc1 Bc5 23. Kf1 Bd4 24. f3 Nd6 25. e3 Bf6 26. Ke2 Nb5 27. Kd3 Kf8 28. e4 Ke8 29. Bf4 Kd7 30. a4 Nc7 31. Bxc7 Kxc7 32. Kc4 Kc6 33. b4 a6 34. b5+ axb5+ 35. axb5+ Kc7 36. f4 Be7 37. Nc3 Bc5 38. Ne2 Bf2 39. g4 g6 40. h3 Kd6 41. e5+ Kc7 42. Kd3 h6 43. Ke4 g5 44. fxg5 hxg5 45. Nc1 Bc5 46. Nd3 Be7 47. Nb2 Bc5 48. Nc4 Kd7 49. Nd2 Ke7 50. Kd3 f6 51. exf6+ Kxf6 52. Ne4+ Ke5 53. Nxc5 bxc5 54. Kc4 Kd6 55. b6 Kc6 56. b7 Kxb7 57. Kxc5 Kc7 58. Kd4 Kd6 59. Ke4 e5 60. Kf3 Kd5 61. Kg3 e4 62. h4 gxh4+ 63. Kxh4 e3 64. Kg3 Kd4 65. g5 Kd3 66. g6 e2 67. g7 e1=Q+ 68. Kf3 Qe4+ 0-1


[Site "https://www.chess.com"]

[Event "Titled Tuesday Blitz July 26 Early 2022"]
[White "Daianu, Cristian-Clement"]
[Black "Hamley, Ryan"]
[WhiteFideId "1208926"]
[BlackFideId "30959497"]
[WhiteElo "2127"]
[BlackElo "2516"]
[Result "0-1"]
[Round "06"]
[TimeControl "180+1"]
[Date "2022.07.27"]
[WhiteClock "0:00:02"]
[BlackClock "0:00:10"]

1. e4 e5 2. Nf3 Nc6 3. Bc4 Nf6 4. d3 h6 5. c3 d6 6. Nbd2 Qe7 7. Nf1 g6 8. Ne3 Bg7 9. h3 O-O 10. O-O Be6 11. Bb3 Rad8 12. Nh2 Nb8 13. Qf3 Kh7 14. Nhg4 Nxg4 15. hxg4 Qh4 16. Bc2 Nd7 17. g3 Qf6 18. Qxf6 Bxf6 19. Kg2 c6 20. f4 Nc5 21. b4 exf4 22. bxc5 Bxc3 23. Rb1 fxe3 24. Bxe3 Rd7 25. cxd6 b6 26. Rh1 Bg7 27. Bf4 Bxg4 28. d4 h5 29. e5 f6 30. Be4 Rc8 31. Rbc1 c5 32. dxc5 Rxc5 33. Rxc5 bxc5 34. Rh4 fxe5 35. Be3 Rxd6 36. Bxc5 Rd2+ 37. Kf1 Rxa2 38. Be3 a5 39. Bd3 Ra3 40. Rxg4 hxg4 41. Ke2 a4 42. Bc1 Ra2+ 43. Ke3 Rg2 44. Bb5 a3 0-1


[Site "https://www.chess.com"]

[Event "Titled Tuesday Blitz July 26 Early 2022"]
[White "Ernst, Sipke"]
[Black "Ibarra Jerez, Jose Carlos"]
[WhiteFideId "1004689"]
[BlackFideId "2226332"]
[WhiteElo "2436"]
[BlackElo "2628"]
[Result "0-1"]
[Round "06"]
[TimeControl "180+1"]
[Date "2022.07.26"]
[WhiteClock "0:00:04"]
[BlackClock "0:00:56"]

1. d4 Nf6 2. c4 d6 3. Nc3 e5 4. Nf3 e4 5. Ng5 Qe7 6. e3 h6 7. Nh3 c6 8. Nf4 g6 9. h4 h5 10. Be2 Bh6 11. Qb3 Bf5 12. Bd2 O-O 13. Qa3 Re8 14. Rd1 Nbd7 15. Bc1 a6 16. b4 b5 17. Qb3 bxc4 18. Bxc4 d5 19. Be2 Reb8 20. a3 Bg4 21. Qc2 Bxe2 22. Ncxe2 Rc8 23. Bd2 Nb6 24. Qc5 Qc7 25. Qa5 Qb7 26. Rc1 Nc4 27. Qa4 Ng4 28. Qb3 Nxf2 29. Kxf2 Nxd2 30. Qd1 Nc4 31. Qg1 Qd7 32. Rc3 a5 33. g4 axb4 34. axb4 hxg4 35. Qc1 Ra2 36. Kg3 Rca8 37. Rxc4 dxc4 38. Qxc4 R8a3 0-1


[Site "https://www.chess.com"]

[Event "Titled Tuesday Blitz July 26 Early 2022"]
[White "Goltsev, Dmitry"]
[Black "Hansen, Eric"]
[WhiteFideId "24176710"]
[BlackFideId "2606771"]
[WhiteElo "2258"]
[BlackElo "2568"]
[Result "0-1"]
[Round "06"]
[TimeControl "180+1"]
[Date "2022.07.26"]
[WhiteClock "0:00:05"]
[BlackClock "0:01:09"]

1. e4 c5 2. Nf3 e6 3. d4 cxd4 4. Nxd4 a6 5. c4 Qc7 6. Nc3 Nf6 7. Be2 Bb4 8. f3 Nc6 9. Be3 d5 10. exd5 exd5 11. O-O dxc4 12. Bxc4 O-O 13. Nxc6 Qxc6 14. Qb3 Bc5 15. Bxc5 Qxc5+ 16. Kh1 b5 17. Bd5 Ra7 18. Rac1 Qb6 19. Ne4 Nxd5 20. Qxd5 Be6 21. Qd6 Qxd6 22. Nxd6 Bxa2 23. Ra1 Rd7 24. Rxa2 Rxd6 25. h3 Re8 26. Rfa1 Ree6 27. b4 h5 28. Kh2 h4 29. Rc2 Rc6 30. Rd2 Kh7 31. Rd7 Kg6 32. Ra7 Kf6 33. Ra2 g5 34. g3 hxg3+ 35. Kxg3 Kg6 36. h4 gxh4+ 37. Kxh4 Rf6 38. Kg3 Rc3 39. R2xa6 Rxf3+ 40. Kg2 Rf4 41. Ra3 Rxb4 42. Rg3+ Kf5 43. Rb7 Rb2+ 44. Kg1 Kf4 45. Rh3 Rf5 46. Kh1 Kg4 0-1


[Site "https://www.chess.com"]

[Event "Titled Tuesday Blitz July 26 Early 2022"]
[White "Hafiz, Arif Abdul"]
[Black "Fecker, Noah"]
[WhiteFideId "7104227"]
[BlackFideId "1334263"]
[WhiteElo "2198"]
[BlackElo "2312"]
[Result "1-0"]
[Round "06"]
[TimeControl "180+1"]
[Date "2022.07.26"]
[WhiteClock "0:00:32"]
[BlackClock "0:00:16"]

1. e4 e6 2. d4 d5 3. Nc3 dxe4 4. Nxe4 Bd7 5. Nf3 Bc6 6. Bd3 Nd7 7. O-O Ngf6 8. Ng3 g6 9. Qe2 Bg7 10. Rd1 O-O 11. Bg5 h6 12. Bf4 Bxf3 13. Qxf3 Nd5 14. Bd2 c6 15. c4 N5f6 16. Bb4 Re8 17. Ne4 Nxe4 18. Bxe4 a5 19. Bc3 a4 20. Rd2 Nb6 21. Qe2 Qg5 22. Rad1 Rad8 23. g3 Rd7 24. h4 Qe7 25. h5 g5 26. Bc2 a3 27. b3 Nc8 28. Qe4 Qf6 29. Qh7+ Kf8 30. Bb4+ Ne7 31. Rd3 Red8 32. Bc5 Bh8 33. Kg2 Qg7 34. Qe4 Kg8 35. Bxa3 Nf5 36. d5 cxd5 37. cxd5 Nd6 38. Bxd6 Rxd6 39. dxe6 Rxd3 40. Rxd3 Rxd3 41. e7 1-0


[Site "https://www.chess.com"]

[Event "Titled Tuesday Blitz July 26 Early 2022"]
[White "Harsh Suresh"]
[Black "Garrido, Denis"]
[WhiteFideId "45018464"]
[BlackFideId "601217"]
[WhiteElo "2059"]
[BlackElo "2427"]
[Result "1-0"]
[Round "06"]
[TimeControl "180+1"]
[Date "2022.07.26"]
[WhiteClock "0:00:26"]
[BlackClock "0:00:16"]

1. e4 e5 2. Nf3 Nc6 3. Bc4 Nf6 4. O-O Bc5 5. d4 Bxd4 6. Nxd4 Nxd4 7. f4 d6 8. fxe5 dxe5 9. Bg5 Be6 10. Na3 Qe7 11. c3 Nc6 12. Bxf6 gxf6 13. Kh1 Rd8 14. Qe1 Rd6 15. Qf2 Rg8 16. Qxf6 Qxf6 17. Rxf6 Ke7 18. Raf1 Rg6 19. R6f2 Nd8 20. Bxe6 Rdxe6 21. Nc4 Rg4 22. Re2 Ke8 23. h3 Rf4 24. Rxf4 exf4 25. Kg1 Nc6 26. a4 f5 27. e5 b6 28. b4 a6 29. b5 axb5 30. axb5 Ne7 31. Nb2 c6 32. c4 Ng6 33. Nd3 cxb5 34. cxb5 Kd7 35. Kf2 Re8 36. Kf3 Ke6 37. Rc2 Nxe5+ 38. Nxe5 Kxe5 39. Re2+ 1-0


[Site "https://www.chess.com"]

[Event "Titled Tuesday Blitz July 26 Early 2022"]
[White "Harshavardhan G B"]
[Black "Koellner, Ruben Gideon"]
[WhiteFideId "25059009"]
[BlackFideId "12993093"]
[WhiteElo "1831"]
[BlackElo "2563"]
[Result "1-0"]
[Round "06"]
[TimeControl "180+1"]
[Date "2022.07.26"]
[WhiteClock "0:01:23"]
[BlackClock "0:00:09"]

1. e4 d6 2. d4 Nf6 3. Nc3 e5 4. Nf3 Nbd7 5. Bc4 Be7 6. O-O c6 7. a4 h6 8. h3 Qc7 9. Be3 Nf8 10. Nh4 g6 11. f4 Be6 12. Bxe6 Nxe6 13. dxe5 dxe5 14. f5 Nf8 15. fxg6 fxg6 16. a5 Kf7 17. Qe2 Kg7 18. Rf3 Nh5 19. Bf2 Nf4 20. Qc4 N8e6 21. Kh2 Bxh4 22. Bxh4 g5 23. Bf2 Qe7 24. g3 Nh5 25. Rf1 Rhf8 26. Rf5 Rxf5 27. exf5 Nf8 28. Bc5 Qf7 29. Qe4 Re8 30. Bxa7 Nf6 31. Qb4 e4 32. Re1 Nd5 33. Bd4+ Kg8 34. Qb3 Qxf5 35. Qxb7 Ne6 36. Qxc6 Rf8 37. Nxd5 Nxd4 38. Ne7+ Kh8 39. Qxh6+ Qh7 40. Qxf8+ Qg8 41. Qxg8# 1-0


[Site "https://www.chess.com"]

[Event "Titled Tuesday Blitz July 26 Early 2022"]
[White "Howell, David W L"]
[Black "Atakhan, Abtin"]
[WhiteFideId "410608"]
[BlackFideId "22502203"]
[WhiteElo "2559"]
[BlackElo "2087"]
[Result "1-0"]
[Round "06"]
[TimeControl "180+1"]
[Date "2022.07.26"]
[WhiteClock "0:00:22"]
[BlackClock "0:00:03"]

1. e4 c5 2. Nf3 Nc6 3. d4 cxd4 4. Nxd4 g6 5. Nc3 Bg7 6. Nde2 Nf6 7. g3 d6 8. Bg2 O-O 9. h3 Be6 10. O-O a6 11. a4 Rc8 12. Re1 Qa5 13. Nf4 Ne5 14. Nxe6 fxe6 15. Qe2 Nc4 16. Kh2 Nh5 17. Nd1 Qc5 18. Ra2 Ne5 19. c3 Qc4 20. Qxc4 Rxc4 21. Be3 Nd3 22. Re2 Nc5 23. Bg5 Rf7 24. a5 h6 25. Bd2 Nb3 26. Ne3 Rc5 27. Ra3 Nxd2 28. Rxd2 Be5 29. h4 Rc8 30. Bh3 Rcf8 31. Bxe6 Kg7 32. Bxf7 Rxf7 33. Kg2 e6 34. Nc4 Bf6 35. Nxd6 Rc7 36. Ne8+ 1-0


[Site "https://www.chess.com"]